 Dungeon Crawl Stone Soup version 0.31.0-32-g396128a36d (webtiles) character file.

Game seed: 5344833059103533865

42 MollyMolluskus the Trooper (level 3, -4/26 HPs)
             Began as an Octopode Fighter on Apr 4, 2024.
             Slain by Terence
             ... wielding a +0 trident
              (10 damage)
             ... on level 2 of the Dungeon.
             The game lasted 00:03:23 (1207 turns).

MollyMolluskus the Trooper (Octopode Fighter)       Turns: 1207, Time: 00:03:24

Health: -4/26      AC:  1    Str: 17    XL:     3   Next: 56%
Magic:  3/3        EV: 13    Int: 10    God:
Gold:   65         SH:  4    Dex: 11    Spells: 2/2 levels left

rFire   . .          .
                       - Unarmed
rCold   . . .        a - +0 buckler
rNeg    . . .        (helmet restricted)
rPois   .            (no amulet)
rElec   .            (no ring)
rCorr   .            (no ring)
SInv    .            (no ring)
Will    .....        (no ring)
Stlth   +++          (no ring)
HPRegen 0.24/turn    (no ring)
MPRegen 0.08/turn    (no ring)
                     (no ring)

%: no passive effects
@: no status effects
A: almost no armour, amphibious, 8 rings, camouflage 1, gelatinous body 1,
(nimble swimmer 1), tentacles
a: no special abilities


You were on level 2 of the Dungeon.
You visited 1 branch of the dungeon, and saw 2 of its levels.

You collected 65 gold pieces.

Inventory:

Missiles
 e - 4 javelins
 g - 8 stones (quivered)
Armour
 a - a +0 buckler (worn)
Potions
 b - a potion of might
 c - a potion of mutation
 d - a potion of enlightenment {unknown}
 h - 2 potions of haste {unknown}
 j - a potion of curing {unknown}


   Skills:
 + Level 3.2 Fighting
 + Level 3.2 Dodging
 + Level 1.4 Stealth
 + Level 3.2 Shields
 * Level 2.8 Unarmed Combat


You had 2 spell levels left.
You didn't know any spells.
Your spell library contained the following spells:

 Spells                   Type           Power      Damage    Failure   Level
 Blink                    Tloc           0%         N/A       58%         2
 Lesser Beckoning         Tloc           0%         N/A       58%         2
 Momentum Strike          Conj/Tloc      0%         3d8       58%         2


Dungeon Overview and Level Annotations

Branches:
Dungeon (2/15)

Altars:

Annotations:
D:2 Terence


Innate Abilities, Weirdness & Mutations

You cannot wear most types of armour.
You are amphibious.
You can wear up to eight rings at the same time.
Your skin changes colour to match your surroundings (Stealth+).
Your rubbery body absorbs attacks. (AC +1, EV +1)
((You are camouflaged when in or above water. (Stealth+)))
You have tentacles for arms and can constrict up to eight enemies at once.


Message History

A wave of despondency washes over your surroundings.
It was a scroll of vulnerability.
Okay, then.
A hobgoblin comes into view.
The helpless hobgoblin fails to defend itself.
You tentacle-slap the hobgoblin. You grab the hobgoblin.
The hobgoblin is heavily wounded.
You constrict the hobgoblin. The hobgoblin barely misses you.
You tentacle-slap the hobgoblin but do no damage.
You squeeze the hobgoblin.
You kill the hobgoblin!
You see here a hobgoblin corpse.
You feel your willpower return.
Found a stone staircase leading up.
Terence the Incautious comes into view.
He is wielding a +0 trident.
Terence shouts!
Terence hits you with a +0 trident!
You tentacle-slap Terence but do no damage.
You grab Terence.
You constrict Terence, but do no damage.
Terence bares his teeth.
Terence barely misses you.
You tentacle-slap Terence but do no damage.
You constrict Terence. Terence barely misses you.
You tentacle-slap Terence.
Terence is moderately wounded.
You constrict Terence. Terence barely misses you.
You tentacle-slap Terence.
Terence is severely wounded.
You constrict Terence. Terence hits you with a +0 trident!
You completely miss Terence.
Terence is severely wounded.
You constrict Terence. Terence hits you with a +0 trident.
* * * LOW HITPOINT WARNING * * *
You tentacle-slap Terence but do no damage.
Terence is almost dead.
You constrict Terence, but do no damage.
Terence hits you with a +0 trident!
You die...
Terence says, "That felt goooood."

#.# #.# #####.###
#.# #.# #<# #.#
#.# #.# #.# #.#
#######.# #.#
#.......# #.#
#.#####.# #.# #.#
#.### #.# #.#
#.... #@# #.#
##### #@# #.# #.#
#.# #.# #.# #.#
#.# ###
#.######.#######..
........†.†.......
##.#####.#######..
#.# ##.


You could see Terence.

Vanquished Creatures
  3 ribbon worms (D:2)
  2 dart slugs (D:1)
  9 bats
  An endoplasm (D:1)
  3 giant cockroaches
  4 goblins (D:1)
  3 hobgoblins
  2 kobolds
  A rat (D:2)
28 creatures vanquished.

Notes
Turn   | Place    | Note
-------+----------+-------------------------------------------
     0 | D:1      | MollyMolluskus the Octopode Fighter began the quest for the
                  | Orb.
     0 | D:1      | Reached XP level 1. HP: 16/16 MP: 1/1
   100 | D:1      | Reached XP level 2. HP: 15/21 MP: 2/2
   256 | D:1      | Reached skill level 1 in Stealth
   372 | D:1      | Reached XP level 3. HP: 26/26 MP: 3/3
  1195 | D:2      | Noticed Terence
  1207 | D:2      | Slain by Terence

Illustrated notes

Levels and vault maps discovered:
D:1:      nagdon_arrival_double_spiral, layout_rooms, minmay_pentomino_v2
D:2:      layout_loops_ring, grunt_ministairs_13, minmay_misc_feat_five,
          hex_tiny, uniq_terence

Skill      XL: |  1  2 |
---------------+-------+-----
Stealth        | 1 |  1.4
Fighting       | |  3.2
Dodging        | |  3.2
Shields        | |  3.2
Unarmed Combat | |  2.8

Action                     || total
---------------------------++-------
  Melee: Unarmed           ||    56
         Constrict         ||    16
         Tentacles         ||     8
         Punch             ||     1
  Throw: Stone             ||     2
    Use: Scroll            ||     5
   Stab: Sleeping          ||     8
 Armour: Skin              ||    26
  Dodge: Dodged            ||    26
  Block: Buckler           ||     7
